[Event "Team 45 45 League T68"]
[Site "Internet Chess Club"]
[Date "2016.04.08"]
[Round "5"]
[White "Capt-Morgan"]
[Black "justice02"]
[Result "1-0"]
[WhiteElo "1919"]
[BlackElo "1626"]
[Opening "Grünfeld: 5.Bf4"]
[ECO "D92"]
[Time "21:00:12"]
[TimeControl "2700+45"]

1. d4 Nf6 2. c4 g6 3. Nc3 d5 4. Bf4 Bg7 5. Nf3 O-O 6. Rc1 c6 7. e3 Qa5 8. Bd3
dxc4 9. Bxc4 Ne4 10. O-O Nxc3 11. Rxc3 Qh5 12. Be2 Qf5 13. Rc5 Qd7 14. Ne5 Qd8
15. Qb3 Qb6 16. Qc3 Nd7 17. Nxd7 Bxd7 18. b4 Qd8 19. Be5 b6 20. Bxg7 bxc5 21.
Bxf8 cxb4 22. Qxb4 Qxf8 23. Qb7 Qc8 24. Rb1 Kf8 25. Bf3 Qxb7 26. Rxb7 Ke8 27.
Kf1 Kd8 28. d5 c5 29. d6 Rc8 30. dxe7+ Kxe7 31. Rxa7 c4 32. Ke1 c3 33. Kd1 Kd6
34. Kc1 h5 35. Bd5 Bc6 36. Bxc6 Rxc6 37. Rxf7 Kc5 38. Kc2 Kb4 39. Rb7+ Ka3 40.
Rb3+ Kxa2 41. Rxc3 Rb6 42. Kd3 Rd6+ 43. Ke2 Kb2 44. Rd3 Re6 45. Kd2 Rc6 46. e4
g5 47. h3 Rc4 48. Ke3 Kc2 49. Rd2+ Kc3 50. Rd5 g4 51. Rxh5 gxh3 52. Rxh3 Kb4 53.
Rh5 Rc3+ 54. Kf4 Rc2 55. Kg3 Rc3+ 56. f3 Kc4 57. Rd5 Ra3 58. Kf4 Ra7 59. g4 Rf7+
60. Ke3 Re7 61. g5 {Black resigns} 1-0

[Event "Team 45 45 League T68"]
[Site "Internet Chess Club"]
[Date "2016.04.12"]
[Round "5"]
[White "Intemperate"]
[Black "Jack-ONeill"]
[Result "1/2-1/2"]
[WhiteElo "2169"]
[BlackElo "2012"]
[Opening "QGD: classical variation (5.Bf4)"]
[ECO "D37"]
[Time "14:14:52"]
[TimeControl "2700+45"]

1. Nf3 d5 2. d4 Nf6 3. c4 e6 4. Nc3 Be7 5. Bf4 O-O 6. e3 Nbd7 7. c5 c6 8. h3 b6
9. b4 a5 10. a3 h6 11. Bd3 Ba6 12. O-O Qc8 13. Qe2 Bxd3 14. Qxd3 Qb7 15. Rfb1
axb4 16. axb4 Rxa1 17. Rxa1 Ra8 18. Qb1 Rxa1 19. Qxa1 bxc5 20. bxc5 Bd8 21. Bd6
g5 22. Ne5 Nxe5 23. dxe5 Nd7 24. Ne2 Bc7 25. Nd4 Bxd6 26. exd6 Nxc5 27. Qa5 Nd7
28. Qc7 Qxc7 29. dxc7 Nb6 30. Nxc6 Nc8 31. f4 f6 32. Nd8 e5 33. fxe5 fxe5 34.
Nc6 e4 35. Nb4 Kf7 36. Nxd5 Ke6 37. Nc3 Kd6 38. Nxe4+ Kxc7 39. Nf6 Ne7 40. Kf2
Kd6 41. Kf3 Ke6 42. Ne4 Nf5 43. g3 Ke5 44. Nf2 h5 45. Nd3+ Kf6 46. e4 Nd4+ 47.
Ke3 Nc2+ 48. Kd2 Nd4 49. Ke3 Nc2+ 50. Kf2 Ke6 51. Kf3 Nd4+ 52. Ke3 Nc2+ 53. Kd2
Nd4 54. Ne1 Ke5 55. Ke3 Ne6 56. Nf3+ Kf6 57. Nd4 Nf8 58. Nc6 Ne6 59. Kf3 Nc5 60.
h4 Nd3 61. Ke3 Nc5 62. Kd4 Ne6+ 63. Kd5 gxh4 64. e5+ Kf7 65. gxh4 Nf4+ 66. Kd6
Ng6 67. e6+ Ke8 68. Nd4 Nxh4 69. Ke5 Ng6+ 70. Kf6 Nf4 71. Nf5 Nxe6 72. Kxe6 h4
73. Nxh4 {Game drawn because neither player has mating material} 1/2-1/2

[Event "Team 45 45 League T68"]
[Site "Internet Chess Club"]
[Date "2016.04.09"]
[Round "5"]
[White "Ptzz"]
[Black "Crisco"]
[Result "1-0"]
[WhiteElo "2037"]
[BlackElo "1714"]
[Opening "Robatsch (modern) defense"]
[ECO "A40"]
[Time "10:00:27"]
[TimeControl "2700+45"]

1. d4 g6 2. e4 Bg7 3. c3 d6 4. Bd3 Nf6 5. f4 O-O 6. Nf3 Bg4 7. h3 Bd7 8. Be3 Na6
9. Nbd2 c5 10. d5 b5 11. a4 Nc7 12. axb5 Bxb5 13. c4 Bd7 14. e5 Nfe8 15. O-O Qc8
16. Kh2 a5 17. Qb1 a4 18. g4 Na6 19. f5 gxf5 20. gxf5 dxe5 21. Rg1 f6 22. Bh6
Kh8 23. Be3 Nd6 24. Nh4 Nb4 25. Be4 Nxe4 26. Qxe4 Na6 27. Qg4 Rg8 28. Ng6+ hxg6
29. Qh4+ {Black resigns} 1-0

[Event "Team 45 45 League T68"]
[Site "Internet Chess Club"]
[Date "2016.04.13"]
[Round "5"]
[White "JefferyChess"]
[Black "Tobiasdelmonte"]
[Result "1-0"]
[WhiteElo "1912"]
[BlackElo "1770"]
[Opening "Petrov: Nimzovich attack"]
[ECO "C42"]
[Time "00:31:46"]
[TimeControl "2700+45"]

1. e4 e5 2. Nf3 Nf6 3. Nxe5 d6 4. Nf3 Nxe4 5. Nc3 Nxc3 6. dxc3 Be7 7. Be3 Be6 8.
Be2 Nc6 9. Nd4 Nxd4 10. cxd4 d5 11. O-O Qd7 12. Qd2 O-O-O 13. Bf4 Kb8 14. a4 h6
15. Bb5 Qc8 16. Rfe1 g5 17. Be5 Rhg8 18. Bd3 Ka8 19. a5 Bd6 20. Bf6 Rd7 21. a6
b6 22. c3 c6 23. Qe2 Qc7 24. Qh5 g4 25. Qxh6 g3 26. fxg3 Bxg3 27. hxg3 Qxg3 28.
Qd2 Bh3 29. Re3 Qf4 30. Re8+ Rxe8 31. Qxf4 Rg8 32. Bg5 Be6 33. Bf5 {Black
resigns} 1-0

[Event "Team 45 45 League T68"]
[Site "Internet Chess Club"]
[Date "2016.04.09"]
[Round "5"]
[White "Holzschlange"]
[Black "charles-allen"]
[Result "1/2-1/2"]
[WhiteElo "1825"]
[BlackElo "1847"]
[Opening "QGD: Tarrasch, Prague variation, Normal position"]
[ECO "D34"]
[Time "12:04:32"]
[TimeControl "2700+45"]

1. Nf3 d5 2. d4 e6 3. c4 c5 4. cxd5 exd5 5. Nc3 Nc6 6. g3 Nf6 7. Bg2 Be7 8. O-O
O-O 9. b3 Bg4 10. dxc5 Bxc5 11. Bb2 Re8 12. Na4 Be7 13. Rc1 Rc8 14. Nc5 Qa5 15.
Nxb7 {Game drawn by mutual agreement} 1/2-1/2

[Event "Team 45 45 League T68"]
[Site "Internet Chess Club"]
[Date "2016.04.10"]
[Round "5"]
[White "mejker"]
[Black "Agarnez"]
[Result "1-0"]
[WhiteElo "2154"]
[BlackElo "1957"]
[Opening "Queen's pawn: London system"]
[ECO "A45"]
[Time "16:00:25"]
[TimeControl "2700+45"]

1. d4 Nf6 2. Bf4 g6 3. e3 Bg7 4. Nf3 d6 5. Be2 c5 6. O-O Nbd7 7. c4 Nh5 8. Bg5
h6 9. Bh4 cxd4 10. Nxd4 Nhf6 11. Nc3 Ne5 12. Nd5 Nxd5 13. cxd5 O-O 14. Rc1 Re8
15. f4 Nd7 16. Nb5 Nc5 17. b4 Na6 18. a3 Bf5 19. g4 Bc8 20. h3 Bf6 21. Bf2 Bd7
22. Qd3 Bxb5 23. Qxb5 Qb6 24. Rc2 Rec8 25. Rfc1 Rxc2 26. Rxc2 Kf8 27. Qxb6 axb6
28. e4 e6 29. Bxb6 exd5 30. exd5 Re8 31. Kf2 g5 32. f5 Re5 33. Bxa6 bxa6 34. Bd4
{Black resigns} 1-0

[Event "Team 45 45 League T68"]
[Site "Internet Chess Club"]
[Date "2016.04.10"]
[Round "5"]
[White "NAS"]
[Black "Yedixon"]
[Result "0-1"]
[WhiteElo "1692"]
[BlackElo "1664"]
[Opening "QGD: Chigorin defense"]
[ECO "D07"]
[Time "12:14:36"]
[TimeControl "2700+45"]

1. d4 d5 2. c4 Nc6 3. Nf3 Bg4 4. e3 e5 5. h3 Bb4+ 6. Nbd2 Bxf3 7. Qxf3 Nf6 8.
cxd5 Qxd5 9. Qxd5 Nxd5 10. Bb5 exd4 11. Bxc6+ bxc6 12. exd4 O-O-O 13. O-O Nf4
14. Nf3 Ne2+ 15. Kh1 Nxd4 16. Nxd4 Rxd4 17. Be3 Rd5 18. Bxa7 c5 19. a3 Ba5 20.
Rac1 Bb6 21. Bxb6 cxb6 22. b4 Rhd8 23. bxc5 Rxc5 24. Rxc5+ bxc5 25. Rc1 Rd5 26.
Kg1 Kc7 27. Kf1 Kc6 28. Ke2 Rd4 29. Rc3 c4 30. a4 Kc5 31. Rc2 Kb4 32. Ke3 Rd3+
33. Ke4 Kb3 34. Rc1 Rd2 35. a5 c3 36. a6 Kb2 {White resigns} 0-1

[Event "Team 45 45 League T68"]
[Site "Internet Chess Club"]
[Date "2016.04.06"]
[Round "5"]
[White "cayo89"]
[Black "roji"]
[Result "0-1"]
[WhiteElo "1647"]
[BlackElo "1841"]
[Opening "Caro-Kann: exchange, Rubinstein variation"]
[ECO "B13"]
[Time "20:15:17"]
[TimeControl "2700+45"]

1. e4 c6 2. d4 d5 3. exd5 cxd5 4. Bf4 Nc6 5. c3 Nf6 6. Bd3 Bg4 7. Qb3 Qd7 8. Nd2
Nh5 9. Be3 e5 10. dxe5 Nxe5 11. Bb5 Nc6 12. Ngf3 Be6 13. Nd4 Bd6 14. g3 O-O 15.
O-O Qc7 16. Kg2 a6 17. Be2 Nf6 18. f3 Rfe8 19. Kf2 Bh3 20. Rfe1 Nh5 21. Rg1 Rad8
22. Nf1 Na5 23. Qd1 Nc4 24. Bc1 Bc5 25. b3 Nd6 26. g4 Nf6 27. Ng3 Nb5 28. Bxb5
axb5 29. b4 Ba7 30. Qd3 Qe5 31. Bd2 Bxg4 32. Rae1 Ne4+ 33. fxe4 dxe4 34. Rxe4
Qf6+ 35. Rf4 Qe6 36. Re1 Qxa2 37. Rxe8+ Rxe8 38. Rxg4 g6 39. Re4 Rd8 40. Qe3 Kg7
41. Ke2 Qc4+ 42. Qd3 Qc8 43. Nf1 h5 44. Re7 Qg4+ 45. Qf3 Bxd4 46. Qxg4 hxg4 47.
Re4 Bb6 48. Rxg4 f5 49. Rg2 Re8+ 50. Kf3 Rc8 51. Re2 Rc7 52. Ne3 Rd7 53. Nf1 Kf6
54. h4 Kf7 55. Be3 Rd3 56. Kf2 Bd8 57. Bd4 Bxh4+ 58. Kg2 f4 59. Rd2 Rxd2+ 60.
Nxd2 Ke6 61. Nf3 Be7 62. Ne5 Kd5 63. Kf3 g5 64. Nd3 Kc4 65. Ke4 Bd6 66. Ne5+ Kb3
67. Ng4 Kc4 68. Ne5+ Kb3 69. Nd3 Kc4 70. Be5 Bxe5 71. Nxe5+ Kxc3 72. Kf5 Kxb4
73. Kxg5 f3 74. Nxf3 Kc3 75. Kf4 b4 76. Ke3 b3 77. Nd4 b2 78. Nb5+ Kb4 {White
resigns} 0-1

[Event "Team 45 45 League T68"]
[Site "Internet Chess Club"]
[Date "2016.04.08"]
[Round "5"]
[White "Axagus"]
[Black "tightfist"]
[Result "1-0"]
[WhiteElo "1762"]
[BlackElo "1617"]
[Opening "QGD Slav: 4.Nc3"]
[ECO "D15"]
[Time "18:04:00"]
[TimeControl "2700+45"]

1. Nf3 Nf6 2. d4 d5 3. c4 c6 4. Nc3 Bf5 5. Qb3 Bc8 6. cxd5 cxd5 7. Bf4 Nc6 8.
Nb5 Qa5+ 9. Nd2 e5 10. Bxe5 Nxe5 11. dxe5 Ne4 12. Nc3 Nxc3 13. bxc3 Rb8 14. e3
Bd7 15. Be2 Ba4 16. Qb2 Bc5 17. O-O O-O 18. Nb3 Qb6 19. Qd2 Bxb3 20. axb3 Rbd8
21. b4 Be7 22. Bf3 Bg5 23. Bxd5 a6 24. f4 Rxd5 25. Qxd5 Qxe3+ 26. Kh1 Bxf4 27.
Rae1 Qxc3 28. e6 Bc7 29. e7 Qxb4 30. exf8=Q+ Qxf8 31. Rxf7 Qb8 32. Rfe7+ Kh8 33.
Re8+ Qxe8 34. Rxe8# {Black checkmated} 1-0

[Event "Team 45 45 League T68"]
[Site "Internet Chess Club"]
[Date "2016.04.09"]
[Round "5"]
[White "The7thGuest"]
[Black "Pomberito"]
[Result "1-0"]
[WhiteElo "1956"]
[BlackElo "2079"]
[Opening "Ruy Lopez: closed, Chigorin defense"]
[ECO "C97"]
[Time "08:00:14"]
[TimeControl "2700+45"]

1. e4 e5 2. Nf3 Nc6 3. Bb5 a6 4. Ba4 Nf6 5. O-O Be7 6. Re1 b5 7. Bb3 d6 8. c3
O-O 9. h3 Na5 10. Bc2 c5 11. d4 Qc7 12. Nbd2 Rd8 13. Nf1 cxd4 14. cxd4 exd4 15.
Nxd4 d5 16. e5 Ne4 17. f3 Bc5 18. fxe4 dxe4 19. Be3 Nc4 20. Bxe4 Nxe3 21. Nxe3
Rxd4 22. Qf3 Rb8 23. Kh1 Bb7 24. Bxb7 Qxb7 25. Qxb7 Rxb7 26. Rac1 Bf8 27. Nf5
Rd2 28. Rc8 g6 29. Nd6 Re7 30. Ne8 Rxb2 31. Nf6+ Kg7 32. Ne8+ Kh6 33. Nf6 Bg7
34. Ng8+ {Black resigns} 1-0

[Event "Team 45 45 League T68"]
[Site "Internet Chess Club"]
[Date "2016.04.09"]
[Round "5"]
[White "wfjalet500"]
[Black "Portola"]
[Result "1-0"]
[WhiteElo "1862"]
[BlackElo "1756"]
[Opening "French: exchange variation"]
[ECO "C01"]
[Time "09:00:29"]
[TimeControl "2700+45"]

1. e4 e6 2. d4 d5 3. exd5 exd5 4. c4 Be6 5. cxd5 Bxd5 6. Nc3 Bb4 7. Nf3 Nc6 8.
Be3 Nf6 9. Be2 O-O 10. O-O h6 11. Nxd5 Nxd5 12. a3 Bd6 13. Bd3 Re8 14. Qd2 Nxe3
15. fxe3 a6 16. Kh1 b5 17. Rac1 Nb8 18. e4 Nd7 19. e5 Be7 20. Bb1 Rc8 21. Qd3
Nf8 22. Ba2 Ne6 23. d5 Nf4 24. Qe4 Bg5 25. h4 Nh5 26. Qg4 Bxc1 27. Rxc1 g6 28.
e6 Qd6 29. Rc6 Nf6 30. exf7+ Kxf7 31. Qd4 Re4 32. Qc3 b4 33. axb4 Qf4 34. d6+
Kg7 35. Rxc7+ Rxc7 36. Qxc7+ Kh8 37. Qc8+ Ne8 38. Be6 Rxe6 39. Qxe6 Nxd6 40.
Qxg6 Ne4 41. Qe8+ Kh7 42. Qe7+ Kh8 43. Qe5+ Qxe5 44. Nxe5 Kg7 45. Kg1 h5 46. Kf1
Kf6 47. Nd7+ Kf5 48. Nc5 Nd6 49. g3 Nc4 50. Nxa6 Nxb2 51. b5 Nc4 52. Kf2 Nb6 53.
Nc7 Kg4 54. Kg2 Kf5 55. Kh3 Nc4 56. Nd5 Ke5 57. b6 Nd6 58. Nf4 Kf5 59. Nxh5
{Black resigns} 1-0

[Event "Team 45 45 League T68"]
[Site "Internet Chess Club"]
[Date "2016.04.08"]
[Round "5"]
[White "Hal2001"]
[Black "bradleyguo175"]
[Result "1-0"]
[WhiteElo "1689"]
[BlackElo "1650"]
[Opening "Sicilian: closed"]
[ECO "B23"]
[Time "20:06:10"]
[TimeControl "2700+45"]

1. e4 c5 2. Nc3 d6 3. f4 Nf6 4. Nf3 Nc6 5. Bb5 Bd7 6. O-O a6 7. Bxc6 Bxc6 8. d3
g6 9. Qe1 Bg7 10. Kh1 b5 11. Qh4 b4 12. Ne2 e6 13. f5 Qe7 14. fxe6 fxe6 15. e5
Nd7 16. Qxe7+ Kxe7 17. Bg5+ Ke8 18. exd6 Bxb2 19. Rae1 h6 20. Be7 g5 21. d4 Bd5
22. Rb1 Ba3 23. dxc5 Nxc5 24. Ne5 Bxa2 25. Rbd1 Bd5 26. Rf7 Bb2 27. c3 Nd7 28.
Nxd7 Kxf7 29. Rf1+ Kg6 30. Ne5+ Kh5 31. Ng3+ Kh4 32. Ng6+ Kg4 33. Nxh8 Bc6 34.
Nf7 Bxc3 35. Nxh6+ Kh4 {Black resigns} 1-0

[Event "Team 45 45 League T68"]
[Site "Internet Chess Club"]
[Date "2016.04.08"]
[Round "5"]
[White "QuieroAprender"]
[Black "krysto"]
[Result "1-0"]
[WhiteElo "1614"]
[BlackElo "1579"]
[Opening "French: advance variation"]
[ECO "C02"]
[Time "19:36:12"]
[TimeControl "2700+45"]

1. e4 e6 2. d4 d5 3. e5 c5 4. b4 cxb4 5. a3 Nc6 6. axb4 Bxb4+ 7. c3 Ba5 8. Bd3
Nxd4 9. Qa4+ Nc6 10. Bb5 Ne7 11. Qxa5 b6 12. Qa4 Bb7 13. Nf3 O-O 14. Qg4 Ng6 15.
Bg5 Qc7 16. Bxc6 Nxe5 17. Nxe5 Qxe5+ 18. Be3 Bxc6 19. O-O f5 20. Qg5 Rf6 21. Bd4
Rg6 22. Qxg6 {Black resigns} 1-0

[Event "Team 45 45 League T68"]
[Site "Internet Chess Club"]
[Date "2016.04.12"]
[Round "5"]
[White "Berke"]
[Black "drsigmund1"]
[Result "1/2-1/2"]
[WhiteElo "1501"]
[BlackElo "1513"]
[Opening "French: Winawer, advance, poisoned pawn variation"]
[ECO "C18"]
[Time "15:01:35"]
[TimeControl "2700+45"]

1. e4 e6 2. d4 d5 3. Nc3 Bb4 4. e5 Ne7 5. a3 Bxc3+ 6. bxc3 c5 7. Qg4 Qa5 8. Bd2
Qa4 9. Qd1 b6 10. Nf3 Ba6 11. Bxa6 Qxa6 12. Qe2 Qxe2+ 13. Kxe2 Nbc6 14. Be3 Nf5
15. dxc5 Nxe3 16. Kxe3 bxc5 17. Rhb1 O-O 18. Rb7 Rab8 19. Rab1 Rxb7 20. Rxb7 Rb8
21. Rxb8+ Nxb8 {Game drawn by mutual agreement} 1/2-1/2

[Event "Team 45 45 League T68"]
[Site "Internet Chess Club"]
[Date "2016.04.08"]
[Round "5"]
[White "tamky70"]
[Black "Kandor"]
[Result "1-0"]
[WhiteElo "1342"]
[BlackElo "1306"]
[Opening "Caro-Kann defense"]
[ECO "B10"]
[Time "19:30:45"]
[TimeControl "2700+45"]

1. e4 c6 2. Nf3 d5 3. exd5 cxd5 4. d4 Nc6 5. Bb5 Bd7 6. c3 f6 7. O-O e5 8. Bxc6
bxc6 9. dxe5 fxe5 10. Nxe5 Rc8 11. Qh5+ g6 12. Qf3 Qe7 13. Bf4 g5 14. Bg3 Bg7
15. Qh5+ Kf8 16. Nxd7+ Qxd7 17. Qf3+ Nf6 18. Nd2 Kf7 19. Nb3 Rhe8 20. h3 Kg8 21.
Nd4 Ne4 22. Qf5 Qe7 23. Bh2 Bxd4 24. cxd4 Rf8 25. Qe5 Qf7 26. f3 Rce8 27. fxe4
Rxe5 28. Rxf7 Rxe4 29. Rxf8+ Kxf8 30. Rf1+ Ke7 31. Be5 Re2 32. Bf6+ Ke6 33. Bxg5
Rxb2 34. Rf6+ Kd7 35. Rf7+ Ke6 36. Rxa7 Kf5 37. Be3 Ke4 38. Bf2 h5 39. Re7+ Kd3
40. Ra7 Rb1+ 41. Kh2 Rb2 42. Bg1 h4 43. Ra3+ Kc2 44. Ra6 Kb1 45. Rxc6 Rxa2 46.
Rc5 Rd2 47. Rxd5 Kc2 48. Rh5 Rd1 49. Rxh4 Rd3 50. Rf4 {Black resigns} 1-0

[Event "Team 45 45 League T68"]
[Site "Internet Chess Club"]
[Date "2016.04.06"]
[Round "5"]
[White "fireball"]
[Black "Gojira"]
[Result "0-1"]
[WhiteElo "1553"]
[BlackElo "1615"]
[Opening "Sicilian: Smith-Morra gambit"]
[ECO "B21"]
[Time "22:07:49"]
[TimeControl "2700+45"]

1. e4 c5 2. d4 cxd4 3. c3 dxc3 4. Nxc3 Nc6 5. Nf3 d6 6. Bc4 e6 7. O-O Nf6 8. Qe2
a6 9. Rd1 Qc7 10. Bf4 Nh5 11. Be3 Nf6 12. Rac1 Be7 13. Nd5 Nxd5 14. exd5 Na5 15.
Bb5+ Nc6 16. dxc6 axb5 17. Qxb5 bxc6 18. Rxc6 Bd7 19. Rxc7 Bxb5 20. a3 Bd8 21.
Rcc1 d5 22. Nd4 Bd7 23. Ra1 e5 24. Nf3 d4 25. Bd2 f6 26. Bb4 Be7 27. Bxe7 Kxe7
28. Nd2 Rhc8 29. Rdc1 Bf5 30. Rxc8 Rxc8 31. b4 Rc2 32. Nb3 d3 33. Kf1 Be6 34.
Nc5 d2 35. Ke2 Rc1 36. Kxd2 Rxa1 37. a4 Rb1 38. Kc3 Rc1+ 39. Kb2 Rxc5 40. bxc5
Kd7 41. Kc3 Kc6 42. Kb4 Bc8 43. a5 Ba6 44. g4 g5 45. Kc3 Kxc5 46. Kd2 Kb5 47.
Ke3 Bb7 48. f3 Kxa5 49. h3 Kb5 50. Kf2 Kc4 51. Ke3 Kc3 52. Kf2 Kd2 {White
resigns} 0-1

[Event "Team 45 45 League T68"]
[Site "Internet Chess Club"]
[Date "2016.04.07"]
[Round "5"]
[White "Mitochondria"]
[Black "mongmong"]
[Result "0-1"]
[WhiteElo "1496"]
[BlackElo "1540"]
[Opening "Nimzo-Indian: classical variation"]
[ECO "E32"]
[Time "22:01:00"]
[TimeControl "2700+45"]

1. d4 e6 2. c4 Nf6 3. Nc3 Bb4 4. Qc2 O-O 5. a3 Bxc3+ 6. Qxc3 h6 7. Nf3 b6 8. e3
Bb7 9. Be2 d6 10. O-O Ne4 11. Qc2 a5 12. b3 Qe7 13. Bb2 Ng5 14. Nd2 f5 15. f3
Nd7 16. e4 fxe4 17. Nxe4 Nxe4 18. fxe4 c5 19. d5 e5 20. Rf3 Rxf3 21. Bxf3 Rf8
22. Rf1 Nf6 23. Bc1 Bc8 24. Qe2 Nh7 25. h3 Ng5 26. h4 Nxf3+ 27. Rxf3 Qxh4 28.
Rxf8+ Kxf8 29. Qf2+ Qxf2+ 30. Kxf2 Bg4 31. Bd2 Bd1 32. b4 axb4 33. axb4 Bb3 34.
bxc5 bxc5 35. g3 Bxc4 36. Ke3 Kf7 37. Kf2 g5 38. Kf3 Kg6 39. g4 Bb3 40. Bc3 Bd1+
41. Kg3 h5 42. gxh5+ Kxh5 43. Bd2 g4 44. Bc3 Bf3 45. Kf2 Bxe4 {White resigns}
0-1

[Event "Team 45 45 League T68"]
[Site "Internet Chess Club"]
[Date "2016.04.08"]
[Round "5"]
[White "Gilguli"]
[Black "guyd52"]
[Result "1-0"]
[WhiteElo "1501"]
[BlackElo "1329"]
[Opening "King's pawn opening"]
[ECO "B07"]
[Time "17:45:10"]
[TimeControl "2700+45"]

1. e4 d6 2. Bc4 g6 3. Nc3 Bg7 4. Qf3 Nf6 5. Nge2 O-O 6. h3 Nbd7 7. d3 e6 8. Bg5
a6 9. O-O-O b5 10. Bb3 Bb7 11. Qe3 e5 12. h4 h5 13. f3 Nc5 14. d4 Nxb3+ 15. axb3
Qe8 16. dxe5 Qxe5 17. Rd2 Kh7 18. Rhd1 Ng8 19. f4 Qe6 20. f5 Qe5 21. fxg6+ fxg6
22. Bf4 Bh6 23. Bxh6 Nxh6 24. Qd4 Ng4 25. Qxe5 Nxe5 26. Nd5 Bxd5 27. exd5 Rf2
28. Nd4 Rxd2 29. Rxd2 Ng4 30. Ne6 Ra7 31. Ng5+ Kg7 32. Re2 Nf6 33. Re7+ Kg8 34.
c4 bxc4 35. bxc4 Rb7 36. Ne6 Rb4 37. Rg7+ Kh8 38. Rxc7 Ne4 39. Rc8+ Kh7 40. Kc2
Ra4 41. Ng5+ Nxg5 42. hxg5 Ra1 43. Rc7+ Kg8 44. Rc6 Rg1 45. Rxd6 Rxg2+ 46. Kb3
Kf7 47. Rxa6 h4 48. Ra7+ Ke8 49. d6 h3 50. Ra8+ Kd7 51. Rh8 h2 52. c5 Rxg5 53.
Rxh2 Rxc5 54. Rg2 Kxd6 55. Rxg6+ Kc7 56. Kb4 Re5 57. b3 Re4+ 58. Ka3 Re3 59. Rg4
Kc6 60. Ka4 Re2 61. Rc4+ Kb6 62. Kb4 Re1 63. Rh4 Rf1 64. Kc4 Rc1+ 65. Kb4 Rf1
66. Rh6+ Kb7 67. Rd6 Rf4+ 68. Kc5 Rf5+ 69. Rd5 Rf3 70. b4 Rc3+ 71. Kb5 Rc6 72.
Rd7+ Rc7 73. Rxc7+ Kxc7 74. Kc5 Kb7 75. b5 Kc7 76. b6+ Kb7 77. Kb5 Kb8 78. Kc5
Kc8 79. Kc6 Kb8 80. b7 Ka7 81. Kc7 Ka6 82. b8=Q Ka5 83. Kc6 Ka4 84. Kc5 Ka3 85.
Kc4 Ka2 86. Kc3 Ka1 87. Qb2# {Black checkmated} 1-0

[Event "Team 45 45 League T68"]
[Site "Internet Chess Club"]
[Date "2016.04.11"]
[Round "5"]
[White "az2112"]
[Black "RD1974"]
[Result "1-0"]
[WhiteElo "1611"]
[BlackElo "1709"]
[Opening "French: Tarrasch"]
[ECO "C03"]
[Time "21:00:19"]
[TimeControl "2700+45"]

1. e4 e6 2. d4 d5 3. Nd2 Bd7 4. Bd3 dxe4 5. Nxe4 Bc6 6. Nf3 Be7 7. c3 Nf6 8. Qe2
O-O 9. O-O Nbd7 10. Bf4 Nxe4 11. Bxe4 Bxe4 12. Qxe4 c6 13. Rfe1 Nf6 14. Qc2 h6
15. Rad1 Qa5 16. Qb3 Nd5 17. Bd2 Qc7 18. Ne5 a5 19. Qc2 Bd6 20. a3 a4 21. c4 Nf6
22. Bb4 Bxb4 23. axb4 Rfd8 24. Rd2 a3 25. bxa3 Rxa3 26. Red1 g6 27. Rd3 Raa8 28.
Rg3 Rxd4 29. Rxd4 Qxe5 30. Rd1 Ra1 31. h3 Ne4 32. Re3 Rxd1+ 33. Qxd1 Qf5 34. Qf3
Nd6 35. Qxf5 Nxf5 36. Rd3 Kf8 37. Rd7 b5 38. g4 Ne7 39. cxb5 cxb5 40. Rb7 Nd5
41. Rxb5 Ke7 42. Rb7+ Ke8 43. b5 f5 44. b6 fxg4 45. hxg4 h5 46. gxh5 gxh5 47.
Rb8+ Kd7 48. b7 Kc7 49. Rh8 Kxb7 50. Rxh5 Nf4 51. Re5 Kc6 52. Re4 Nh3+ 53. Kg2
Ng5 54. Re5 Nf7 55. Rxe6+ Kd5 56. Re1 Kd6 57. Kg3 Ne5 58. Rxe5 Kxe5 59. Kg4 Kf6
60. Kf4 Kf7 61. Kf5 Ke7 62. Kg6 Kf8 63. Kf6 Kg8 64. f4 Kf8 65. f5 Kg8 66. Ke7
Kg7 67. f6+ Kg8 68. f7+ Kh7 69. f8=Q Kg6 70. Qf6+ {Black resigns} 1-0

[Event "Team 45 45 League T68"]
[Site "Internet Chess Club"]
[Date "2016.04.11"]
[Round "5"]
[White "Bible-Believer"]
[Black "ChessMaine"]
[Result "0-1"]
[WhiteElo "1410"]
[BlackElo "1494"]
[Opening "French: advance, Milner-Barry gambit"]
[ECO "C02"]
[Time "20:01:20"]
[TimeControl "2700+45"]

1. e4 e6 2. d4 d5 3. e5 c5 4. c3 Qb6 5. Nf3 Nc6 6. Bd3 Bd7 7. dxc5 Bxc5 8. Qe2
Nh6 9. b4 Be7 10. Be3 Qc7 11. Bf4 Nf5 12. Bxf5 exf5 13. Qe3 Be6 14. Nbd2 h6 15.
h4 b5 16. Nb3 a5 17. a3 axb4 18. cxb4 d4 19. Nbxd4 Bxb4+ 20. Nd2 Nxd4 21. Qxd4
Bc3 22. Qe3 Bxa1 23. O-O Bb2 24. Rb1 Rxa3 25. Qe2 Bc4 26. Qe1 Bc3 27. Qd1 O-O
28. Nxc4 Qxc4 29. Rc1 Qxf4 30. Qd6 Qxc1+ {White resigns} 0-1

[Event "Team 45 45 League T68"]
[Site "Internet Chess Club"]
[Date "2016.04.11"]
[Round "5"]
[White "seattleblues"]
[Black "chesskix"]
[Result "1-0"]
[WhiteElo "1354"]
[BlackElo "1521"]
[Opening "King's Indian, 3.Nf3"]
[ECO "E61"]
[Time "19:01:10"]
[TimeControl "2700+45"]

1. d4 Nf6 2. Nf3 g6 3. c4 Bg7 4. Nc3 O-O 5. Bf4 d6 6. e3 c6 7. Be2 Nbd7 8. O-O
Nb6 9. h3 Be6 10. b3 d5 11. c5 Nbd7 12. Bd3 Nh5 13. Bh2 f5 14. Ng5 Bf7 15. Be2
Nhf6 16. a4 Ne4 17. Ncxe4 dxe4 18. Nxf7 Rxf7 19. Bc4 Nf6 20. Bxf7+ Kxf7 21. b4
Nd5 22. Qb3 a6 23. Rfd1 Qc8 24. b5 Kf8 25. bxc6 bxc6 26. Rab1 Nc7 27. Bxc7 Qxc7
28. Qb7 Qxb7 29. Rxb7 Bf6 30. Rc7 Rb8 31. Rxc6 a5 32. Ra6 Rb4 33. Rxa5 Kf7 34.
Rc1 f4 35. c6 fxe3 36. fxe3 Bg5 37. Rxg5 {Black resigns} 1-0

[Event "Team 45 45 League T68"]
[Site "Internet Chess Club"]
[Date "2016.04.09"]
[Round "5"]
[White "kingsrook"]
[Black "Conjurer"]
[Result "1-0"]
[WhiteElo "1349"]
[BlackElo "1138"]
[Opening "QGD: exchange variation"]
[ECO "D35"]
[Time "13:01:45"]
[TimeControl "2700+45"]

1. d4 Nf6 2. c4 e6 3. Nc3 d5 4. cxd5 Nxd5 5. e4 Nb6 6. Nf3 c5 7. Be3 cxd4 8.
Nxd4 Nc6 9. Nxc6 bxc6 10. Qxd8+ Kxd8 11. Bd3 Be7 12. O-O Kd7 13. Rfd1 Rd8 14. e5
Ke8 15. Bxh7 g6 16. b3 Ba6 17. Ne4 Nd7 18. Nd6+ Kf8 19. Bh6# {Black checkmated}
1-0

[Event "Team 45 45 League T68"]
[Site "Internet Chess Club"]
[Date "2016.04.09"]
[Round "5"]
[White "julesraider"]
[Black "cayo89"]
[Result "1-0"]
[WhiteElo "1652"]
[BlackElo "1630"]
[Opening "Budapest: Adler variation"]
[ECO "A52"]
[Time "12:00:27"]
[TimeControl "2700+45"]

1. d4 Nf6 2. c4 e5 3. dxe5 Ng4 4. Nf3 Bc5 5. e3 Nc6 6. Be2 Qe7 7. Nbd2 O-O 8. a3
Bxe3 9. fxe3 Nxe3 10. Qb3 Nxg2+ 11. Kf2 Nf4 12. Qe3 f6 13. Qxf4 fxe5 14. Qe4 d5
15. cxd5 Bf5 16. Qc4 Na5 17. Qb4 c5 18. dxc6 Qxb4 19. axb4 Nxc6 20. Bc4+ Kh8 21.
Ke3 Nxb4 22. Bb3 e4 23. Nh4 Bd7 24. Rf1 Bc6 25. Nf5 Rad8 26. Nd4 Nd5+ 27. Bxd5
Bxd5 28. Rxf8+ Rxf8 29. Rxa7 {Black resigns} 1-0

[Event "Team 45 45 League T68"]
[Site "Internet Chess Club"]
[Date "2016.04.10"]
[Round "5"]
[White "elessar"]
[Black "KidRattler"]
[Result "1/2-1/2"]
[WhiteElo "1648"]
[BlackElo "1610"]
[Opening "Sicilian: closed"]
[ECO "B24"]
[Time "15:02:36"]
[TimeControl "2700+45"]

1. e4 c5 2. Nc3 g6 3. g3 Bg7 4. Bg2 Nc6 5. d3 e6 6. Be3 b6 7. Qd2 Nge7 8. Bh6
Bxh6 9. Qxh6 Ng8 10. Qd2 h5 11. h4 Qc7 12. Nge2 Bb7 13. Qg5 Nge7 14. Nb5 Qb8 15.
Qf4 Qxf4 16. Nxf4 O-O 17. O-O Rac8 18. Nd6 Rc7 19. Nxb7 Rxb7 20. a3 Nd4 21. c3
Nb3 22. Rad1 e5 23. Ne2 Rc7 24. Nc1 Nxc1 25. Rxc1 f5 26. exf5 gxf5 27. f4 exf4
{Game drawn by mutual agreement} 1/2-1/2